 Dungeon Crawl Stone Soup version 0.28-a0-511-gcc94558de3 (webtiles) character file.

Game seed: 15738117009466918163

67 Umoon the Skirmisher (level 3, -2/37 HPs)
             Began as a Troll Delver on Sept 21, 2021.
             Slain by a gnoll (13 damage)
             ... on level 3 of the Dungeon.
             The game lasted 00:02:33 (323 turns).

Umoon the Skirmisher (Troll Delver)                  Turns: 323, Time: 00:02:34

Health: -2/37      AC:  4    Str: 20    XL:     3   Next: 98%
Magic:  2/2        EV: 10    Int:  7    God:
Gold:   23         SH:  0    Dex: 11    Spells: 2/2 levels left

rFire   . . .      SeeInvis .   (no weapon)
rCold   . . .      Faith    .   (no shield)
rNeg    . . .      Spirit   .   b - +0 robe
rPois   .          Reflect  .   (helmet restricted)
rElec   .          Harm     .   (no cloak)
rCorr   .          Rampage  .   (gloves unavailable)
Will    .....                   (boots unavailable)
Stlth   ++........              (no amulet)
HPRegen 1.12/turn               (no ring)
MPRegen 0.08/turn               (no ring)

@: no status effects
A: large, unfitting armour, claws 3, regeneration 1, shaggy fur 1, tough skin 1
a: no special abilities


You were on level 3 of the Dungeon.
You visited 1 branch of the dungeon, and saw 5 of its levels.

You collected 23 gold pieces.

Inventory:

Hand Weapons
 a - a +0 hand axe
Armour
 b - a +0 robe (worn)
Wands
 g - a wand of digging (3)
Scrolls
 c - a scroll of fog
 h - a scroll of identify {unknown}
Potions
 d - a potion of brilliance {unknown}
 f - a potion of haste
 i - a potion of invisibility {unknown}


   Skills:
 + Level 3.0 Fighting
 + Level 2.3 Axes
 + Level 2.4 Dodging
 - Level 2.7 Stealth


You had 2 spell levels left.
You didn't know any spells.
Your spell library contained the following spells:

 Spells                   Type           Power      Damage    Failure   Level
 Inner Flame              Hex/Fire       0%         N/A       80%         3
 Cause Fear               Hex            0%         N/A       99%         4
 Discord                  Hex            0%         N/A       100%        8


Dungeon Overview and Level Annotations

Branches:
Dungeon (7/15)
 Temple: D:4-7

Altars:


Innate Abilities, Weirdness & Mutations

You are too large for most types of armour.
You have claws for hands.
Your natural rate of healing is unusually fast.
You are covered in fur. (AC +1)
You have tough skin. (AC +1)


Message History

You barely miss the gnoll.
The gnoll is almost dead.
The gnoll closely misses you.
You barely miss the gnoll.
The gnoll is severely wounded.
The gnoll closely misses you.
You barely miss the gnoll.
The gnoll is severely wounded.
The gnoll hits you with a +0 club.
You closely miss the gnoll.
The gnoll is severely wounded.
The gnoll hits you with a +0 club.
You claw the gnoll!
You kill the gnoll!
Your Fighting skill increases to level 3!
You closely miss the gnoll. The gnoll misses you.
You scratch the gnoll.
The gnoll is moderately wounded.
The gnoll misses you.
You scratch the gnoll.
The gnoll is severely wounded.
The gnoll hits you with a +0 flail.
You barely miss the gnoll.
The gnoll is severely wounded.
The gnoll hits you with a +0 flail!
You scratch the gnoll.
The gnoll is almost dead.
The gnoll hits you with a +0 flail!
You barely miss the gnoll.
The gnoll is almost dead.
The gnoll hits you with a +0 flail!
* * * LOW HITPOINT WARNING * * *
You barely miss the gnoll.
The gnoll is almost dead.
The gnoll barely misses you.
You scratch the gnoll.
You kill the gnoll!
Your life force feels restored.
You scratch the gnoll but do no damage. The gnoll hits you with a +0 flail!
You die...

#...##### ##..# #.g#
## # ###..# #.# ###.##
#...g# ..#
......####....# ..###
#.#..>.#....# ....#
#......#....###....#.#
######......gg@......#
###....###....###
#....# ..<.# #....#
....# ###### #####


You could see 2 gnolls.

Vanquished Creatures
  A centaur skeleton (D:6)
  3 gnolls
  An ufetubus (D:3)
  A hobgoblin (D:4)
  2 bats (D:3)
  A kobold (D:4)
9 creatures vanquished.

Notes
Turn   | Place    | Note
-------+----------+-------------------------------------------
     0 | D:5      | Umoon the Troll Delver began the quest for the Orb.
     0 | D:5      | Reached XP level 1. HP: 22/22 MP: 0/0
    40 | D:6      | Noticed a howler monkey
    44 | D:7      | Noticed a hound
    44 | D:7      | Noticed a sky beast
    44 | D:7      | Noticed a black bear
    57 | D:7      | Noticed a gnoll shaman
    77 | D:6      | Reached XP level 2. HP: 29/29 MP: 1/1
   101 | D:5      | Noticed an ogre
   128 | D:4      | Reached XP level 3. HP: 28/36 MP: 2/2
   151 | D:4      | Noticed a scorpion
   315 | D:3      | Reached skill level 3 in Fighting
   323 | D:3      | Slain by a gnoll

Illustrated notes

Levels and vault maps discovered:
D:3:      layout_rooms, nicolae_hepliaklqana_monster_ancestors
D:4:      layout_cave_pools, mainiacjoe_overflow_cross_hatched, minivault_25
D:5:      layout_rooms
D:6:      layout_cave_pools, grunt_temple_overflow_diamond, serial_shops,
          shop_fountains, gammafunk_ghost_gnarly_gnolls, serial_column_ruins,
          column_ruins_corridor_corner, column_ruins_grid_1,
          column_ruins_columns_straight, hangedman_abyss_or_decor_stabs
D:7:      nzn_winding_woodlands_cross [nzn_winding_woodlands_5x15_garden,
          nzn_winding_woodlands_5x15_pockets,
          nzn_winding_woodlands_5x15_sawtooth,
          nzn_winding_woodlands_5x15_river_crossing,
          nzn_winding_woodlands_15x15_eel_pit], layout_rooms,
          kiku_gazebo_garden_becter, minmay_temple_entry_statues_pillars,
          minmay_shop_damaged, minmay_fountain_box, solitary_fountain,
          minmay_three_doors

Skill      XL: |  1  2  3 |
---------------+----------+-----
Axes           | 2 |  2.3
Dodging        | 2 |  2.4
Fighting       | 3 |  3.0
Stealth        | |  2.7

Action                   || total
-------------------------++-------
Melee: Unarmed           ||    46
  Use: Scroll            ||     2
 Stab: Distracted        ||     1
Armor: Robe              ||    52
Dodge: Dodged            ||   104

Table legend: (Time is in decaauts)
 A = Elapsed time spent in this place.
 B = Non-inter-level travel time spent in this place.
 C = Inter-level travel time spent in this place.
 D = Time resting spent in this place.
 E = Time spent auto-exploring this place.
 F = Levels seen in this place.
 G = Mean time per level.
                   A        B        C        D        E       F      G
               +--------+--------+--------+--------+--------+-----+--------+
         Total |    323 |    323 |      0 |      0 |     28 |   5 |   64.6 |
       Dungeon |    323 |    323 |      0 |      0 |     28 |   5 |   64.6 |
               +--------+--------+--------+--------+--------+-----+--------+

Top non-repeatable levels by time:
     D:4: 141 daAuts
     D:6: 58 daAuts
     D:3: 58 daAuts
     D:5: 55 daAuts
     D:7: 8 daAuts
